 Dungeon Crawl Stone Soup version 0.28.0 (webtiles) character file.

Game seed: 11544990244710709560

98 Akaron the Sneak (level 4, -1/29 (30) HPs)
             Began as an Octopode Brigand on Feb 16, 2022.
             Slain by an orc priest (8 damage)
             ... on level 3 of the Dungeon.
             The game lasted 00:03:08 (2437 turns).

Akaron the Sneak (Octopode Brigand)                 Turns: 2437, Time: 00:03:09

HP:   -1/29 (30)    AC:  1    Str: 10    XL:     4   Next: 69%
MP:   4/4           EV: 11    Int: 13    God:
Gold: 113           SH:  7    Dex: 15    Spells: 3/3 levels left

rFire   . . .      SeeInvis .   a - +2 dagger
rCold   . . .      Faith    .   n - +0 kite shield
rNeg    . . .      Spirit   .   (helmet restricted)
rPois   .          Reflect  .   (no amulet)
rElec   .          Harm     .   (no ring)
rCorr   .          Rampage  .   (no ring)
Will    .....                   (no ring)
Stlth   ++++......              (no ring)
HPRegen 0.09/turn               (no ring)
MPRegen 0.09/turn               (no ring)
                                (no ring)
                                (no ring)

@: lightly drained
A: almost no armour, amphibious, 8 rings, camouflage 1, gelatinous body 1,
(nimble swimmer 1), tentacles
a: no special abilities


You were on level 3 of the Dungeon.
You visited 1 branch of the dungeon, and saw 3 of its levels.

You collected 113 gold pieces.

Inventory:

Hand Weapons
 a - a +2 dagger (weapon)
Missiles
 b - 12 poisoned darts (quivered)
 c - 2 curare-tipped darts
 o - 3 boomerangs
Armour
 n - a +0 kite shield (worn)
Wands
 p - a wand of flame (16)
Scrolls
 d - a scroll of teleportation {unknown}
 g - 3 scrolls of identify {unknown}
 h - a scroll of vulnerability {unknown}
 i - 2 scrolls of enchant weapon {unknown}
 k - a scroll of summoning {unknown}
 m - a scroll of blinking {unknown}
 q - a scroll of noise {unknown}
Potions
 e - 2 potions of lignification {unknown}
 f - a potion of curing {unknown}
 j - 2 potions of invisibility {unknown}
 l - a potion of berserk rage {unknown}
 r - a potion of might {unknown}


   Skills:
 + Level 2.5 Fighting
 + Level 2.8 Short Blades
 + Level 2.1 Throwing
 + Level 1.5 Dodging
 + Level 6.9 Stealth


You had 3 spell levels left.
You didn't know any spells.
Your spell library was empty.

Dungeon Overview and Level Annotations

Branches:
Dungeon (3/15)

Altars:

Shops:
D:1 *


Innate Abilities, Weirdness & Mutations

You cannot wear most types of armour.
You are amphibious.
You can wear up to eight rings at the same time.
Your skin changes colour to match your surroundings (Stealth+).
Your rubbery body absorbs attacks. (AC +1, EV +1)
((You are camouflaged when in or above water. (Stealth+)))
You have tentacles for arms and can constrict up to eight enemies at once.


Message History

There is a stone staircase leading up here.
Found a stone staircase leading down.
An orc comes into view. It is wielding a +0 flail.
An orc is nearby!
An orc comes into view.
It is wielding a +0 war axe and carrying a wand of digging (5).
The orc shouts!
You hit the orc. You grab the orc. You squeeze the orc.
You kill the orc!
You hear a shout!
Items here: ( ) ? [.
The orc priest calls down the wrath of Beogh upon you.
Beogh smites you!
Ouch! That really hurt!
You are too injured to fight recklessly!
You are too injured to fight recklessly!
You barely miss the orc. Your grab misses the orc. Your squeeze misses the orc.
The orc closely misses you.
You hit the orc. Your grab misses the orc. Your squeeze misses the orc.
The orc is severely wounded.
The orc barely misses you.
You hit the orc.
You kill the orc!
The orc priest hits you with a +0 hand axe.
Things that are here:
a +0 war axe; a wand of digging (5)
You barely miss the orc priest. Your grab misses the orc priest.
The orc priest begins to cast a cantrip, but forgets the words!
You closely miss the orc priest. You grab the orc priest.
Your tentacle-slap misses the orc priest.
You constrict the orc priest.
The orc priest hits you with a +0 hand axe.
* * * LOW HITPOINT WARNING * * *
The orc priest mumbles some strange prayers to Beogh against you.
Pain shoots through your body!
* * * LOW HITPOINT WARNING * * *
You hit the orc priest.
The orc priest is heavily wounded.
You constrict the orc priest.
The orc priest hits you with a +0 hand axe!
You die...

.....#......
..##.#...........
.................
.÷.#.............
...#.#........... .#
...)...#........ ..#
......###.......######....
......# #..# #o..........
.....####..# ##@.........
)....#.....####...>.......
.........#.......)........
.........................
.....................####
...........###......##
.....)##............###
.......÷..............#
.....#................#


You could see an orc priest.

Vanquished Creatures
  2 adders (D:2)
  A worm (D:2)
  A dart slug (D:1)
  6 orcs (D:3)
  6 bats
  6 endoplasms
  2 giant cockroaches
  5 goblins
  7 hobgoblins
  2 jackals (D:1)
  4 kobolds
  3 quokkas
  5 ball pythons
  6 frilled lizards
  8 rats
64 creatures vanquished.

Notes
Turn   | Place    | Note
-------+----------+-------------------------------------------
     0 | D:1      | Akaron the Octopode Brigand began the quest for the Orb.
     0 | D:1      | Reached XP level 1. HP: 14/14 MP: 1/1
    31 | D:1      | Found Etrilud's Assorted Antiques.
    62 | D:1      | Reached XP level 2. HP: 15/19 MP: 2/2
   428 | D:1      | Reached skill level 6 in Stealth
   428 | D:1      | Reached XP level 3. HP: 24/24 MP: 3/3
  1174 | D:2      | Reached XP level 4. HP: 30/30 MP: 4/4
  1573 | D:2      | Found a faded altar of an unknown god.
  2437 | D:3      | Slain by an orc priest

Illustrated notes

Levels and vault maps discovered:
D:1:      dpeg_arrival_more_subterranean_lakeside_camping, layout_basic,
          serial_shops, nicolae_shop_advertising_works
          [nicolae_subvault_shop_adworks]
D:2:      layout_loops_ring, hellmonk_ecumenical_altar_leap_of_faith,
          minmay_puff
D:3:      layout_rooms

Skill      XL: |  1  2 |
---------------+-------+-----
Stealth        | 6 |  6.9
Fighting       | |  2.5
Short Blades   | |  2.8
Throwing       | |  2.1
Dodging        | |  1.5

Action                   |  1- 3 |  4- 6 || total
-------------------------+-------+-------++-------
Melee: Dagger            |    61 |    47 ||   108
       Constrict         |    11 |    11 ||    22
       Tentacles         |     9 |    13 ||    22
 Stab: Sleeping          |    14 |     4 ||    18
       Distracted        |       |     2 ||     2
Armor: Skin              |     6 |     1 ||     7
Dodge: Dodged            |    37 |    21 ||    58
Block: Kite shield       |       |     7 ||     7
